 Dungeon Crawl Stone Soup version 0.31-a0-264-ga0b03e459d (webtiles) character file.

Game seed: 14177035269073869276

9691 qw the Skirmisher (level 11, -1/97 HPs)
             Began as a Minotaur Hexslinger on July 13, 2023.
             Was an Elder of Okawaru.
             Succumbed to a killer bee's poison
             ... on level 2 of the Lair of Beasts.
             The game lasted 00:03:37 (9612 turns).

qw the Skirmisher (Minotaur Hexslinger)             Turns: 9612, Time: 00:03:37

Health: -1/97      AC:  7    Str: 13    XL:     11   Next: 26%
Magic:  12/13      EV: 22    Int: 10    God:    Okawaru [****..]
Gold:   604        SH:  0    Dex: 23    Spells: 11/12 levels left

rFire   . . .        Y - +1 orcbow
rCold   . . .        (shield currently unavailable)
rNeg    . . .        l - +0 troll leather armour
rPois   .            (helmet restricted)
rElec   .            (no cloak)
rCorr   .            (no gloves)
SInv    .            (no boots)
Will    .....        (no amulet)
Stlth   +++          g - +6 ring of dexterity
HPRegen 1.16/turn    (no ring)
MPRegen 0.13/turn

%: clarity
@: lethally poisoned (-1 -> -14), heroic
A: horns 2, retaliatory headbutt, hooves 1, iridescent scales 1, clarity
a: Renounce Religion, Heroism, Finesse


You were on level 2 of the Lair of Beasts.
You worshipped Okawaru.
Okawaru was greatly pleased with you.
You visited 3 branches of the dungeon, and saw 11 of its levels.

You collected 623 gold pieces.
You spent 19 gold pieces at shops.


Innate Abilities, Weirdness & Mutations

You have a pair of horns on your head.
You reflexively headbutt those who attack you in melee.
You have large cloven feet.
You are partially covered in iridescent scales. (AC +2)
You possess an exceptional clarity of mind.


   Skills:
 + Level 9.4(14.4) Fighting
 - Level 14.1(19.1) Ranged Weapons
 - Level 4.3(9.3) Armour
 - Level 8.1(13.1) Dodging
 - Level 1.0 Spellcasting
 - Level 2.0 Hexes
 + Level 4.4 Invocations


You had 11 spell levels left.
You knew the following spells:

 Your Spells              Type           Power      Damage    Failure   Level
a - Slow                  Hex            16%        N/A       19%         1

Your spell library contained the following spells:

 Spells                   Type           Power      Damage    Failure   Level
 Inner Flame              Hex/Fire       2%         N/A       63%         3
 Portal Projectile        Hex/Tloc       4%         N/A       63%         3
 Cause Fear               Hex            2%         N/A       87%         4

Inventory:

Hand Weapons
 Y - a +1 orcbow (weapon)
Armour
 l - a +0 troll leather armour (worn)
Jewellery
 g - a +6 ring of dexterity (left hand)
Scrolls
 b - 4 scrolls of identify
 e - 2 scrolls of immolation
 f - a scroll of teleportation
Potions
 a - 3 potions of curing
 c - a potion of enlightenment
 d - a potion of mutation
 h - a potion of magic
 j - a potion of cancellation
 k - a potion of haste

Dungeon Overview and Level Annotations

Branches:
Dungeon (8/15)             Temple (1/1) D:5            Lair (2/5) D:8
  Swamp: Lair:2-3    Shoals: Lair:2-3     Snake: Lair:2-3    Spider: Lair:2-3

Altars:
Ashenzari
Cheibriados
Dithmenos
Elyvilon
Fedhas
Gozag
Hepliaklqana
Kikubaaqudgha
Makhleb
Nemelex Xobeh
Okawaru
Qazlal
Ru
Sif Muna
Trog
Uskayaw
Vehumet
Wu Jian
Xom
Yredelemnul
Zin
The Shining One

Shops:
D:1 *

Portals:
Bailey: D:7

Annotations:
D:3 1 runed translucent door, Crazy Yiuf


Message History

A nearby plant withers and dies.
The killer bee completely misses you. You furiously retaliate!
You headbutt the killer bee. The killer bee completely misses you.
You furiously retaliate!
You headbutt the killer bee! The killer bee misses you. x2
The killer bee closely misses you. You furiously retaliate!
You headbutt the killer bee. The killer bee barely misses you. x2
The killer bee completely misses you.
You shoot an arrow. The arrow hits the killer bee!!
You kill the killer bee!
Okawaru accepts your kill.
You feel sick. The killer bee misses you. You furiously retaliate!
You headbutt the killer bee! The killer bee stings you.
You are more poisoned.
The killer bee poisons you! The killer bee barely misses you.
The killer bee completely misses you. The killer bee misses you.
You furiously retaliate!
You headbutt the killer bee.
You kill the killer bee!
Okawaru accepts your kill.
You hear an angry buzzing noise.
You shoot an arrow.
The arrow hits the killer bee but does no damage.
The killer bee is heavily wounded.
You feel very sick. The killer bee stings you.
The killer bee closely misses you. The killer bee barely misses you.
You furiously retaliate!
You headbutt the killer bee. The killer bee barely misses you.
The queen bee calls on the killer bee to defend it!
The killer bee goes berserk!
The queen bee calls on the killer bee to defend it!
The killer bee goes berserk!
The queen bee calls on the killer bee to defend it!
The killer bee goes berserk!
The killer bee stings you. The killer bee stings you!
You are more poisoned.
The killer bee poisons you! The killer bee barely misses you.
The killer bee misses you. You furiously retaliate!
You headbutt the killer bee. The killer bee closely misses you.
You shoot an arrow. The arrow misses the killer bee.
Your surroundings suddenly seem different.
You die...

### #.#
#@# +...+
...###.
.... #.
... #. ..
.# ##....
#.#
###.....#
#.##
#P......#
#..# .


There were no monsters in sight!

Vanquished Creatures
  2 black mambas (Lair:1)
  4 cane toads
  Maggie (D:6)
  3 komodo dragons
  A wyvern (D:8)
  A basilisk (Lair:1)
  16 yaks
  2 steam dragons
  An acid dragon (D:8)
  7 water moccasins
  An ice beast (D:6)
  4 black bears
  10 wolves (Lair:1)
  An ogre (D:5)
  A centaur (D:7)
  3 phantoms (D:5)
  2 bullfrogs
  A gnoll sergeant (D:8)
  A scorpion (D:5)
  11 killer bees (Lair:2)
  3 hounds
  3 orc priests (D:8)
  4 jellies
  2 iguanas
  2 sleepcaps
  Natasha (twice) (D:3)
  4 orc wizards (D:8)
  9 adders
  9 gnolls
  2 ufetubi
  2 dart slugs
  9 orcs
  7 ball pythons
  6 endoplasms
  2 giant cockroaches
  8 goblins
  9 hobgoblins
  7 jackals
  4 quokkas
  5 bats
  4 frilled lizards
  4 kobolds
  3 rats
183 creatures vanquished.

Notes
Turn   | Place    | Note
-------+----------+-------------------------------------------
     0 | D:1      | qw the Minotaur Hexslinger began the quest for the Orb.
     0 | D:1      | Reached XP level 1. HP: 16/16 MP: 1/1
     0 | D:1      | 0 ||| qw: Version: 0.3-a-52-g30416fa
     0 | D:1      | 0 ||| qw: Game counter: 7569
     0 | D:1      | 0 ||| qw: Melee chars always use a shield: true
     0 | D:1      | 0 ||| qw: God list: Okawaru
     0 | D:1      | 0 ||| qw: Allow faded altars: false
     0 | D:1      | 0 ||| qw: Do Orc after clearing Dungeon:15 true
     0 | D:1      | 0 ||| qw: Do second Lair branch before Depths: true
     0 | D:1      | 0 ||| qw: Lair rune preference: random
     0 | D:1      | 0 ||| qw: Goals: Normal
     0 | D:1      | 0 ||| PLANNING D:1-11
    98 | D:1      | Reached skill level 3 in Ranged Weapons
    98 | D:1      | Reached XP level 2. HP: 20/23 MP: 2/2
   327 | D:1      | Found Hutomo's Assorted Antiques.
   337 | D:1      | 337 ||| BUYING black potion (19 gold).
   337 | D:1      | Bought a black potion for 19 gold pieces
   337 | D:1      | 337 ||| SHOPLISTING fizzy amethyst potion (19 gold, have
                  | 18).
   337 | D:1      | 337 ||| SHOPLISTING scroll labelled KARPHE GULISIE (22
                  | gold, have 18).
   754 | D:1      | 754 ||| UPGRADING to +0 leather armour.
   764 | D:1      | 764 ||| DROPPING +0 robe.
   765 | D:1      | 765 ||| READING scroll labelled TOIKAB WAPH.
   770 | D:1      | 770 ||| READING scroll labelled PASASIBL DOJIO.
   871 | D:1      | 871 ||| READING scroll labelled SIAGUI GOELELA.
   872 | D:1      | 872 ||| READING scroll labelled PEFFOO LASH.
   917 | D:1      | 917 ||| DRINKING 4 black potions.
   918 | D:1      | 918 ||| DROPPING scroll of poison.
   972 | D:2      | 972 ||| STAIRDANCE
  1021 | D:2      | Reached XP level 3. HP: 29/29 MP: 3/3
  1027 | D:2      | Found a faded altar of an unknown god.
  1407 | D:2      | Reached skill level 4 in Ranged Weapons
  1871 | D:2      | 1871 ||| DRINKING 3 red potions.
  2038 | D:3      | Reached XP level 4. HP: 26/36 MP: 4/4
  2252 | D:3      | Reached skill level 5 in Ranged Weapons
  2404 | D:3      | Found a runed translucent door.
  2405 | D:3      | Noticed Crazy Yiuf
  2605 | D:3      | Reached skill level 3 in Fighting
  2707 | D:3      | Noticed Natasha
  2722 | D:3      | HP: 8/38 [cerulean imp/+1 spear[Natasha] (2)]
  2723 | D:3      | 2723 ||| DRINKING 3 potions of heal wounds.
  2725 | D:3      | Killed Natasha
  2726 | D:3      | Reached XP level 5. HP: 19/45 MP: 5/5
  2903 | D:3      | Identified the +0 ring mail "Hyerok" {rN+}
  3107 | D:3      | Noticed Natasha
  3117 | D:3      | HP: 7/45 [Natasha (7)]
  3118 | D:3      | 3118 ||| DRINKING 2 potions of heal wounds.
  3123 | D:3      | Killed Natasha
  3495 | D:3      | 3495 ||| UPGRADING to +0 ring mail.
  3505 | D:3      | 3505 ||| DROPPING +0 leather armour.
  3506 | D:3      | 3506 ||| UPGRADING to +0 ring mail "Hyerok" {rN+}.
  3516 | D:3      | 3516 ||| DROPPING +0 ring mail.
  3517 | D:3      | 3517 ||| READING scroll labelled BETEUT OMEE.
  3518 | D:3      | 3518 ||| READING 5 scrolls of identify.
  3518 | D:3      | 3518 ||| IDENTIFYING fizzy amethyst potion
  3519 | D:3      | 3519 ||| DROPPING potion of degeneration.
  3612 | D:4      | 3612 ||| SWAPPING to +2 sling of electrocution.
  3613 | D:4      | 3613 ||| DROPPING +1 sling.
  3997 | D:4      | 3997 ||| READING scroll labelled QOCECZIGUM.
  3998 | D:4      | 3998 ||| READING scroll labelled DUEPSU WISEFY.
  3999 | D:4      | 3999 ||| DRINKING 2 sedimented black potions.
  3999 | D:4      | Gained mutation: You possess an exceptional clarity of
                  | mind. [potion of mutation]
  3999 | D:4      | Gained mutation: You have large cloven feet. [potion of
                  | mutation]
  3999 | D:4      | Gained mutation: You are partially covered in iridescent
                  | scales. (AC +2) [potion of mutation]
  4018 | D:5      | Entered Level 5 of the Dungeon
  4103 | D:5      | Found an ancient bone altar of Kikubaaqudgha.
  4105 | D:5      | Noticed a black bear
  4115 | D:5      | Killed a black bear
  4116 | D:5      | Reached skill level 6 in Ranged Weapons
  4116 | D:5      | Reached XP level 6. HP: 51/51 MP: 6/6
  4271 | D:5      | Reached skill level 7 in Ranged Weapons
  4271 | D:5      | Reached XP level 7. HP: 59/59 MP: 7/7
  4320 | D:5      | Reached skill level 8 in Ranged Weapons
  4561 | D:5      | Found a staircase to the Ecumenical Temple.
  4562 | D:5      | 4562 ||| PLANNING TEMPLE
  4562 | D:5      | 4562 ||| READING 4 scrolls of identify.
  4562 | D:5      | 4562 ||| IDENTIFYING smoky coppery potion
  4563 | D:5      | 4563 ||| READING 3 scrolls of identify.
  4563 | D:5      | 4563 ||| IDENTIFYING metallic ruby potion
  4564 | D:5      | 4564 ||| DROPPING potion of brilliance.
  4574 | Temple   | Entered the Ecumenical Temple
  4629 | Temple   | 4629 ||| PLANNING D:1-11
  5041 | D:5      | 5041 ||| READING 2 scrolls of identify.
  5041 | D:5      | 5041 ||| IDENTIFYING fizzy pink potion
  5042 | D:5      | 5042 ||| DROPPING potion of berserk rage.
  5096 | D:6      | Found a glowing silver altar of Zin.
  5241 | D:6      | Reached skill level 9 in Ranged Weapons
  5241 | D:6      | Reached XP level 8. HP: 63/68 MP: 8/8
  5260 | D:6      | Identified the +8 flail of the Grave {antimagic, rF+ Str+5}
  5364 | D:6      | Reached skill level 3 in Dodging
  5690 | D:6      | Reached skill level 6 in Fighting
  5695 | D:6      | Found a shadowy altar of Dithmenos.
  5703 | D:6      | Found an opulent altar of Gozag.
  5703 | D:6      | Found a shimmering blue altar of Sif Muna.
  5713 | D:6      | Found an iron altar of Okawaru.
  5714 | D:6      | 5714 ||| PLANNING OKAWARU WORSHIP
  5714 | D:6      | 5714 ||| UPGRADING to +6 ring of dexterity.
  5715 | D:6      | 5715 ||| READING scroll labelled PAXTEN UKKIN.
  5716 | D:6      | 5716 ||| READING scroll labelled UHEUQIAXUSM.
  5717 | D:6      | 5717 ||| READING scroll labelled CAOLOP DISCHAPP.
  5725 | D:6      | Became a worshipper of Warmaster Okawaru
  5726 | D:6      | 5726 ||| PLANNING D:1-11
  5731 | D:6      | Found a stormy altar of Qazlal.
  5837 | D:6      | Noticed Maggie
  5843 | D:6      | Killed Maggie
  6055 | D:6      | 6055 ||| UPGRADING to +1 steam dragon scales.
  6065 | D:6      | 6065 ||| DROPPING +0 ring mail "Hyerok" {rN+}.
  6066 | D:6      | 6066 ||| DROPPING amulet of guardian spirit.
  6205 | D:7      | 6205 ||| SWAPPING to +0 orcbow.
  6206 | D:7      | 6206 ||| DROPPING +3 sling of electrocution.
  6350 | D:7      | Found a flagged portal.
  6356 | D:7      | Identified the +5 spear "Omelette" {speed, rF+ Stlth+}
  6431 | D:7      | 6431 ||| READING scroll of enchant weapon.
  6431 | D:7      | 6431 ||| ENCHANTING +0 orcbow.
  6744 | D:8      | 6744 ||| Stepping ~*~*~tactically~*~*~ (outnumbered).
  6747 | D:8      | 6747 ||| Stepping ~*~*~tactically~*~*~ (outnumbered).
  6749 | D:8      | 6749 ||| Stepping ~*~*~tactically~*~*~ (outnumbered).
  6752 | D:8      | Reached skill level 10 in Ranged Weapons
  6754 | D:8      | 6754 ||| Stepping ~*~*~tactically~*~*~ (outnumbered).
  6836 | D:8      | Reached * piety under Okawaru
  6837 | D:8      | Reached XP level 9. HP: 79/79 MP: 9/9
  6844 | D:8      | Found a sacrificial altar of Ru.
  6851 | D:8      | 6851 ||| INVOKING Heroism.
  6871 | D:8      | 6871 ||| FLEEEEING.
  6872 | D:8      | 6872 ||| FLEEEEING.
  6873 | D:8      | 6873 ||| FLEEEEING.
  6874 | D:8      | 6874 ||| FLEEEEING.
  6875 | D:8      | 6875 ||| FLEEEEING.
  6876 | D:8      | 6876 ||| FLEEEEING.
  6878 | D:8      | 6878 ||| FLEEEEING.
  6879 | D:8      | 6879 ||| FLEEEEING.
  6880 | D:8      | 6880 ||| FLEEEEING.
  6881 | D:8      | 6881 ||| FLEEEEING.
  6882 | D:8      | 6882 ||| FLEEEEING.
  6888 | D:8      | 6888 ||| INVOKING Heroism.
  7345 | D:8      | Reached skill level 11 in Ranged Weapons
  7449 | D:8      | 7449 ||| INVOKING Heroism.
  7509 | D:8      | Found a staircase to the Lair.
  7511 | D:8      | Noticed a komodo dragon
  7526 | D:8      | HP: 6/79 [komodo dragon (23)]
  7527 | D:8      | 7527 ||| READING 2 scrolls of teleportation.
  7528 | D:8      | 7528 ||| DRINKING 2 potions of heal wounds.
  7530 | D:8      | 7530 ||| DRINKING potion of heal wounds.
  7897 | D:8      | 7897 ||| PLANNING LAIR
  7897 | D:8      | 7897 ||| READING scroll labelled GUIRYU KIMUXE.
  7898 | D:8      | 7898 ||| DRINKING 2 grey potions.
  7953 | Lair:1   | Entered Level 1 of the Lair of Beasts
  7965 | Lair:1   | Noticed a komodo dragon
  7975 | Lair:1   | Killed a komodo dragon
  7976 | Lair:1   | Reached skill level 6 in Dodging
  8141 | Lair:1   | Noticed a black mamba
  8141 | Lair:1   | Noticed a cane toad
  8146 | Lair:1   | Killed a cane toad
  8147 | Lair:1   | 8147 ||| INVOKING Heroism.
  8153 | Lair:1   | Killed a black mamba
  8261 | Lair:1   | Noticed a komodo dragon
  8262 | Lair:1   | 8262 ||| INVOKING Heroism.
  8269 | Lair:1   | Killed a komodo dragon
  8269 | Lair:1   | Noticed a cane toad
  8270 | Lair:1   | Reached skill level 12 in Ranged Weapons
  8270 | Lair:1   | Reached skill level 3 in Invocations
  8280 | Lair:1   | Killed a cane toad
  8280 | Lair:1   | Reached ** piety under Okawaru
  8281 | Lair:1   | Reached XP level 10. HP: 77/86 MP: 8/11
  8324 | Lair:1   | Noticed a cane toad
  8325 | Lair:1   | 8325 ||| INVOKING Heroism.
  8327 | Lair:1   | Killed a cane toad
  8342 | Lair:1   | 8342 ||| INVOKING Heroism.
  8362 | Lair:1   | 8362 ||| INVOKING Heroism.
  8457 | Lair:1   | 8457 ||| INVOKING Heroism.
  8473 | Lair:1   | Reached skill level 13 in Ranged Weapons
  8866 | Lair:1   | Reached skill level 9 in Fighting
  8869 | Lair:1   | Reached *** piety under Okawaru
  8875 | Lair:1   | 8875 ||| INVOKING Heroism.
  9023 | Lair:1   | Noticed a black mamba
  9024 | Lair:1   | 9024 ||| INVOKING Heroism.
  9028 | Lair:1   | Killed a black mamba
  9128 | Lair:1   | 9128 ||| INVOKING Heroism.
  9139 | Lair:1   | Reached XP level 11. HP: 49/97 MP: 11/13
  9401 | Lair:1   | 9401 ||| UPGRADING to +0 troll leather armour.
  9411 | Lair:1   | 9411 ||| DROPPING +1 steam dragon scales.
  9412 | Lair:1   | 9412 ||| DRINKING 3 inky potions.
  9413 | Lair:1   | 9413 ||| READING 6 scrolls of identify.
  9413 | Lair:1   | 9413 ||| IDENTIFYING purple potion
  9414 | Lair:1   | 9414 ||| READING 5 scrolls of identify.
  9414 | Lair:1   | 9414 ||| IDENTIFYING fuming brown potion
  9415 | Lair:1   | 9415 ||| DROPPING 2 potions of attraction.
  9443 | Lair:2   | 9443 ||| INVOKING Heroism.
  9459 | Lair:2   | 9459 ||| READING 3 scrolls labelled GULLITHRUJ.
  9461 | Lair:2   | 9461 ||| FLEEEEING.
  9462 | Lair:2   | 9462 ||| FLEEEEING.
  9468 | Lair:2   | Reached **** piety under Okawaru
  9469 | Lair:2   | 9469 ||| FLEEEEING.
  9471 | Lair:2   | 9471 ||| FLEEEEING.
  9472 | Lair:2   | 9472 ||| FLEEEEING.
  9473 | Lair:2   | 9473 ||| FLEEEEING.
  9474 | Lair:2   | 9474 ||| FLEEEEING.
  9475 | Lair:2   | 9475 ||| FLEEEEING.
  9476 | Lair:2   | 9476 ||| FLEEEEING.
  9477 | Lair:2   | 9477 ||| INVOKING Heroism.
  9499 | Lair:2   | 9499 ||| INVOKING Heroism.
  9511 | Lair:2   | Reached skill level 14 in Ranged Weapons
  9602 | Lair:2   | 9602 ||| INVOKING Heroism.
  9608 | Lair:2   | HP: 24/97 [killer bee (5)]
  9609 | Lair:2   | 9609 ||| READING 2 scrolls of teleportation.
  9611 | Lair:2   | HP: 9/97 [killer bee (6)]
  9611 | Lair:2   | HP: 2/97 [killer bee (7)]
  9612 | Lair:2   | Succumbed to a killer bee's poison

Levels and vault maps discovered:
D:1:      dpeg_arrival_houses_and_road, layout_loops_ring, serial_shops, shop
D:2:      layout_basic, chequers_ecumenical_altar_simple_redux, serial_curves,
          eino_curves_01, eino_curves_04, eino_curves_02,
          small_statue_intersection, minmay_misc_feat_doors, kennysheep_nub,
          serial_bayou_pond_b, grunt_ministairs_3
D:3:      layout_basic, uniq_natasha, uniq_crazy_yiuf_cottage
D:4:      layout_rooms
D:5:      layout_basic, mainiacjoe_overflow_paths, minmay_temple_entry_glass
D:6:      layout_loops_corners, minmay_overflow_temple_star_hex,
          amcnicky_altar_gilded, serial_aquarium, aquarium_bridge_long_separate
          [aquarium_subvault_bridge, aquarium_subvault_window,
          aquarium_subvault_wall, aquarium_subvault_wall,
          aquarium_subvault_window, aquarium_subvault_bridge],
          aquarium_bridge_island_small [aquarium_subvault_small_open,
          aquarium_subvault_bridge, aquarium_subvault_bridge,
          aquarium_subvault_bridge, aquarium_subvault_bridge],
          aquarium_window_1, aquarium_window_1, aquarium_window_2,
          aquarium_window_2, aquarium_view_2c, aquarium_balcony_3a, uniq_maggie
D:7:      layout_gridville, enter_bailey_2
D:8:      layout_gridville, nicolae_ru_awakened_eye, david_lair_shrubbed
Temple:   zaba_magenta_temple
Lair:1:   layout_misc_corridors, grunt_megastairs_1
Lair:2:   layout_roguey [special_room_bee], minmay_swamp_entry_swarm

Skill      XL: |  1  2  3  4  5  6  7  8  9 10 11 |
---------------+----------------------------------+-----
Ranged Weapons | 3 4 5 6 7 9 10 12 13 14 | 14.1
Fighting       | 2 3 4 5 7 9 |  9.4
Armour         | 2 4 |  4.3
Dodging        | 5 6 8 |  8.1
Invocations    | 3 4 |  4.4
Spellcasting   | |  1.0
Hexes          | |  2.0

Action                     |  1- 3 |  4- 6 |  7- 9 | 10-12 || total
---------------------------+-------+-------+-------+-------++-------
   Fire: Sling             |   132 |   151 |    92 |       ||   375
         Orcbow            |       |       |   133 |   214 ||   347
 Invoke: Heroism           |       |       |     5 |    11 ||    16
    Use: Scroll            |     4 |     4 |     9 |     4 ||    21
         Potion            |     2 |     3 |     3 |     1 ||     9
 Armour: Robe              |     2 |       |       |       ||     2
         Leather armour    |     7 |    14 |       |       ||    21
         Ring mail         |       |    11 |    17 |       ||    28
         Steam dragon scal |       |       |    14 |    21 ||    35
         Troll leather arm |       |       |       |     6 ||     6
  Dodge: Dodged            |    30 |    86 |    82 |   186 ||   384

Table legend:
 A = Non-vault XP
 B = Vault XP
 C = Vault XP percentage of total XP
 D = Non-vault monster count
 E = Vault monster count
 F = Vault count percentage of total count
                 A         B        C        D         E       F
            +---------+---------+-------+---------+---------+-------
      Total |   11861 |    1984 |  14.3 |     160 |      23 |  12.6
            +---------+---------+-------+---------+---------+-------
        D:1 |      38 |       0 |   0.0 |      22 |       0 |   0.0
        D:2 |      31 |      10 |  24.4 |      12 |       6 |  33.3
        D:3 |     150 |      33 |  18.0 |      22 |       1 |   4.3
        D:4 |      72 |       0 |   0.0 |       9 |       0 |   0.0
        D:5 |     935 |       0 |   0.0 |      13 |       0 |   0.0
        D:6 |     613 |     379 |  38.2 |      12 |       1 |   7.7
        D:7 |     310 |       0 |   0.0 |       5 |       0 |   0.0
        D:8 |    1035 |       0 |   0.0 |      24 |       0 |   0.0
     Lair:1 |    6970 |     877 |  11.2 |      34 |       4 |  10.5
     Lair:2 |    1707 |     685 |  28.6 |       7 |      11 |  61.1
            +---------+---------+-------+---------+---------+-------
